Map: Orbital Shipyard

Players

EJK - Winner!

  • Race: Terran Terran
  • League: Master

Adrian

  • Race: Zerg Zerg
  • League: Master

VOD

Have the link to the VOD?

Description

Time

  • Played on: Nov. 15, 2015, 11:43 a.m.
  • Length: 22:58
Show
View Real Time Build Order
Export as new Build Order

EJK Terran - Winner!

Build Orders: Reaper Expand 

Get SALT Encoding   

  12  0:00  SCV  
  13  0:13  SCV  
  14  0:25  SCV  
  15  0:29  Supply Depot  
  15  0:51  SCV  
  15  0:53  Barracks  
  16  0:57  Refinery  
  16  1:03  SCV  
  17  1:15  SCV  
  18  1:27  SCV  
  19  1:42  Reaper, Orbital Command  
  20  1:49  Command Center  
  20  2:00  Supply Depot  
  20  2:07  SCV  
  21  2:14  Reaper  
  22  2:20  SCV  
  23  2:32  SCV  
  24  2:37  Factory  
  24  2:44  Command Center, SCV  
  25  2:47  Refinery  
  25  2:56  SCV  
  26  2:58  Barracks Reactor  
  26  3:08  SCV, Orbital Command  
  27  3:28  SCV  
  26  3:36  Factory  
  26  3:37  SCV  
  26  3:40  SCV  
  28  3:47  Hellion x2  
  28  3:48  Barracks Tech Lab  
  32  3:51  SCV  
  32  3:52  SCV  
  34  3:56  Orbital Command  
  34  4:03  SCV  
  34  4:04  SCV  
  34  4:08  Hellion  
  34  4:09  Hellion  
  40  4:15  SCV  
  40  4:16  SCV  
  42  4:25  SCV  
  42  4:27  SCV  
  42  4:28  SCV  
  42  4:29  Cyclone  
  42  4:30  Hellion x2, Barracks Tech Lab  
  42  4:31  Factory  
  52  4:37  SCV  
  53  4:39  SCV  
  53  4:40  SCV  
  55  4:46  Refinery  
  55  4:47  Supply Depot  
  55  4:48  Refinery  
  55  4:49  SCV, Supply Depot  
  55  4:51  Engineering Bay  
  55  4:52  SCV x2  
  60  4:53  Hellion  
  60  5:06  SCV  
  61  5:07  Orbital Command  
  61  5:09  Hellion, Cyclone  
  61  5:11  SCV  
  68  5:15  Supply Depot  
  67  5:23  SCV  
  67  5:24  SCV  
  67  5:25  Cyclone  
  72  5:34  Infernal Pre-Igniter  
  72  5:35  SCV  
  73  5:36  SCV  
  73  5:37  Hellion x2  
  73  5:39  SCV  
  73  5:40  Mag-Field Accelerator  
  79  5:47  SCV  
  79  5:48  SCV  
  81  5:51  SCV  
  81  5:54  Refinery  
  81  5:56  Supply Depot, Refinery  
  82  5:59  SCV, Hellion  
  85  6:18  SCV x2, Cyclone x2  
  93  6:21  Supply Depot  
  93  6:32  SCV x3, Hellion, Supply Depot  
  98  6:33  Supply Depot x2  
  98  6:37  Hellion  
  98  6:44  SCV x3  
  99  6:49  Supply Depot  
  99  6:50  Cyclone x2  
  99  6:53  Supply Depot  
  99  6:54  Hellion  
  107  6:56  SCV x3  
  107  6:58  Armory  
  107  6:59  Hellion, Missile Turret  
  107  7:00  Starport  
  108  7:05  Missile Turret  
  108  7:07  Missile Turret  
  108  7:10  SCV x3  
  111  7:24  Cyclone x2  
  111  7:26  Hellion x2  
  121  7:31  Liberator  
  121  7:33  Factory  
  121  7:34  Factory  
  121  7:41  Command Center  
  121  7:44  Supply Depot  
  121  7:45  SCV x2  
  121  7:46  Supply Depot  
  121  7:49  Terran Vehicle Weapons Level 1  
  126  7:52  Supply Depot  
  126  7:56  Cyclone x2  
  126  7:57  Hellion  
  134  8:10  Missile Turret  
  134  8:13  Hellion  
  134  8:14  Supply Depot  
  134  8:18  Hellion  
  138  8:23  Factory Tech Lab, Factory Reactor  
  138  8:28  Cyclone x2, Liberator  
  121  8:39  Hellion x2  
  105  8:48  Command Center  
  108  8:53  Missile Turret  
  108  8:56  Engineering Bay  
  108  8:58  Engineering Bay  
  108  8:59  Engineering Bay  
  108  9:00  Cyclone x2  
  114  9:05  Cyclone  
  114  9:07  Hellion x3  
  127  9:31  Hellion x3  
  127  9:32  Hellion, Cyclone  
  127  9:33  Cyclone  
  127  9:37  Cyclone  
  136  9:55  Hellion x4  
  144  10:03  Terran Vehicle Weapons Level 2  
  144  10:04  Cyclone, Orbital Command  
  144  10:05  Cyclone  
  150  10:09  Cyclone  
  143  10:16  Hellion  
  143  10:18  Liberator  
  141  10:27  Hellion x3  
  141  10:37  Cyclone x2  
  141  10:40  Hellion  
  141  10:41  Refinery  
  141  10:42  Hellion  
  154  10:43  Refinery, Sensor Tower, Missile Turret  
  154  10:46  Planetary Fortress  
  154  10:48  Hellion x3  
  160  10:50  SCV x3  
  160  10:55  Supply Depot  
  163  10:59  Armory  
  163  11:02  Hellion  
  165  11:16  Sensor Tower  
  165  11:18  Command Center  
  165  11:19  Command Center  
  165  11:21  Starport Reactor  
  165  11:22  Cyclone x2  
  165  11:25  Hellion x3  
  177  11:29  Missile Turret  
  177  11:40  Cyclone  
  180  11:50  Liberator x2  
  176  11:54  Cyclone  
  176  11:55  Cyclone  
  176  11:57  Hellion x3  
  157  12:10  Command Center  
  157  12:13  Cyclone  
  160  12:22  Terran Vehicle And Ship Armor Level 1, Terran Vehicle Weapons Level 3  
  160  12:25  Hellion x2  
  160  12:26  Hellion x2  
  168  12:32  Liberator x2  
  164  12:37  Cyclone x2  
  164  12:40  Orbital Command x2  
  171  12:54  Cyclone  
  171  12:57  Hellion  
  171  12:58  Hellion x3  
  174  13:10  Cyclone x2  
  162  13:27  Cyclone, Hellion x2  
  155  13:28  Hellion x2, Liberator  
  155  13:29  Liberator  
  157  13:42  Cyclone  
  157  13:46  Refinery  
  166  13:55  Cyclone  
  166  13:56  Hellion  
  166  13:57  Hellion x2  
  166  13:59  Cyclone  
  176  14:10  Refinery  
  176  14:11  Liberator  
  176  14:19  Cyclone  
  176  14:20  Hellion  
  176  14:21  Hellion x3, Liberator  
  175  14:27  Cyclone  
  175  14:31  Planetary Fortress, Cyclone  
  187  14:46  Command Center  
  187  14:47  Command Center, Missile Turret  
  187  14:54  Starport  
  187  14:55  Starport  
  187  14:58  Fusion Core  
  175  15:02  Hellion x3  
  175  15:03  Liberator  
  152  15:20  Cyclone x3  
  161  15:23  Hellion x2  
  163  15:37  Hellion x2  
  163  15:44  Command Center, Hellion  
  163  15:45  Hellion  
  162  15:52  Cyclone x2  
  162  15:54  Cyclone  
  163  15:59  Hellion x2  
  146  16:06  Hellion  
  133  16:24  Cyclone x2  
  139  16:26  Cyclone  
  142  16:34  Hellion x4  
  130  16:52  Orbital Command  
  116  16:56  Cyclone x2  
  116  16:59  Cyclone  
  91  17:15  Hellion  
  77  17:28  Cyclone x2  
  83  17:32  Liberator  
  83  17:33  SCV x4  
  87  17:46  Hellion x3  
  87  17:47  Hellion  
  98  17:56  Orbital Command  
  98  18:03  Cyclone x2  
  104  18:11  Planetary Fortress  
  104  18:17  Cyclone, Hellion  
  104  18:19  Hellion  
  111  18:22  SCV  
  112  18:32  Terran Vehicle And Ship Armor Level 2  
  109  18:34  SCV  
  109  18:37  SCV  
  111  18:44  Cyclone  
  111  18:47  Liberator  
  114  18:49  SCV  
  114  18:51  Refinery  
  114  18:52  Missile Turret  
  114  18:54  SCV x3, Missile Turret  
  118  19:01  SCV  
  119  19:06  Hellion x4  
  130  19:13  SCV  
  128  19:23  Missile Turret, Orbital Command  
  122  19:25  Command Center, SCV  
  122  19:28  Cyclone  
  122  19:30  Liberator x2  
  124  19:45  Liberator  
  130  19:56  SCV  
  131  20:02  Command Center  
  134  20:08  SCV, Hellion x2  
  134  20:09  Hellion  
  141  20:20  SCV  
  137  20:36  Cyclone x2  
  137  20:37  Hellion x4  
  137  20:38  Hellion  
  153  20:48  Refinery  
  153  20:49  SCV, Refinery, Missile Turret  
  154  20:50  Refinery  
  154  20:51  Refinery  
  154  20:56  Missile Turret  
  154  20:57  Missile Turret  
  154  21:01  SCV  
  153  21:05  Missile Turret  
  153  21:11  SCV x3  
  153  21:14  SCV  
  153  21:16  Planetary Fortress  
  153  21:22  SCV  
  153  21:23  SCV x2  
  156  21:31  Missile Turret  
  151  21:35  Cyclone  
  151  21:36  Cyclone  
  151  21:37  SCV x3, Missile Turret  
  151  21:39  SCV x2  
  155  21:40  SCV  
  156  21:52  SCV  
  155  21:57  Missile Turret  
  155  22:01  SCV  
  155  22:02  SCV x2  
  155  22:05  SCV  
  155  22:07  SCV  
  160  22:13  SCV x2  
  188  22:15  Orbital Command  
  163  22:24  Cyclone x2  
  163  22:26  Hellion x2  
  163  22:27  Hellion x2  
  174  22:31  Command Center  
Show
View Real Time Build Order
Export as new Build Order

Adrian Zerg 

Build Orders: Hatch First 

Get SALT Encoding   

  12  0:01  Drone  
  13  0:08  Drone  
  14  0:15  Extractor  
  14  0:16  Drone  
  15  0:23  Overlord  
  15  0:43  Drone  
  15  0:49  Hatchery  
  15  0:51  Drone  
  15  0:55  Drone  
  17  0:59  Drone  
  18  1:14  Spawning Pool  
  18  1:17  Drone  
  18  1:26  Drone  
  18  1:29  Drone, Extractor  
  19  1:38  Drone  
  20  1:49  Overlord  
  20  2:01  Zergling x2  
  21  2:02  Queen x2, Zergling x2  
  26  2:17  Hatchery  
  25  2:23  Drone x2  
  27  2:38  Metabolic Boost  
  27  2:43  Drone x3  
  27  2:44  Drone  
  31  2:55  Overlord  
  31  2:57  Drone x3  
  34  3:07  Drone x2  
  35  3:27  Zergling x4  
  37  3:35  Queen x2  
  37  3:36  Queen  
  37  3:37  Overlord  
  37  3:38  Drone x2  
  45  3:47  Drone x5  
  50  3:58  Zergling x6  
  50  4:00  Drone x3  
  56  4:02  Overlord  
  56  4:21  Queen  
  56  4:22  Evolution Chamber  
  57  4:25  Evolution Chamber  
  57  4:26  Drone  
  57  4:27  Drone x5  
  57  4:30  Overlord  
  62  4:34  Drone x2  
  64  4:43  Extractor  
  63  4:47  Baneling Nest  
  63  4:49  Drone x3  
  65  4:53  Zerg Melee Weapons Level 1  
  65  4:54  Zerg Ground Armor Level 1  
  65  4:56  Drone x4  
  66  5:08  Queen  
  66  5:09  Drone x3  
  66  5:13  Lair  
  71  5:17  Zergling x4  
  73  5:21  Overlord  
  73  5:25  Overlord  
  73  5:26  Extractor  
  73  5:27  Extractor  
  71  5:31  Overlord  
  71  5:43  Baneling x3  
  71  5:46  Overlord, Drone  
  71  5:47  Drone x9  
  71  5:49  Queen  
  83  5:51  Overlord x2  
  83  6:03  Extractor  
  82  6:04  Extractor  
  82  6:07  Roach Warren  
  82  6:09  Overlord x2  
  80  6:12  Zergling x8  
  80  6:13  Zergling x6  
  87  6:19  Centrifical Hooks  
  87  6:24  Overlord x2  
  87  6:30  Drone  
  87  6:31  Drone x2  
  88  6:42  Hatchery  
  83  6:47  Glial Reconstitution  
  83  6:49  Roach x9  
  83  6:51  Zerg Melee Weapons Level 2  
  97  6:55  Overlord  
  87  7:04  Drone x2  
  87  7:06  Queen x3  
  87  7:08  Roach x9  
  112  7:10  Zergling x4  
  114  7:20  Overlord  
  114  7:22  Roach x2  
  117  7:30  Roach x2  
  117  7:38  Zergling x4  
  117  7:43  Hatchery  
  118  7:50  Overlord  
  118  7:51  Infestation Pit  
  118  7:52  Baneling  
  118  7:53  Baneling x3  
  118  7:54  Zergling x2  
  118  7:55  Zergling x14  
  125  7:59  Baneling  
  125  8:00  Baneling  
  125  8:03  Hatchery  
  124  8:07  Roach x6  
  124  8:36  Roach  
  124  8:37  Roach x11  
  124  8:41  Zergling x4  
  144  8:48  Pathogen Glands  
  144  8:49  Hive  
  144  8:51  Zergling x8  
  148  8:56  Zergling x2  
  148  8:57  Zergling x4  
  148  9:01  Ravager x7  
  148  9:02  Ravager  
  159  9:04  Extractor  
  159  9:06  Zergling x4  
  159  9:07  Extractor  
  159  9:12  Drone  
  159  9:13  Overlord  
  159  9:14  Hatchery  
  145  9:27  Baneling  
  145  9:28  Ravager, Baneling x7  
  145  9:29  Ravager x5  
  152  9:31  Drone x8  
  152  9:32  Drone  
  152  9:34  Overlord  
  155  9:53  Drone  
  155  9:54  Drone x4  
  155  9:55  Drone  
  155  9:57  Overlord  
  155  9:58  Overlord  
  155  10:00  Infestor x3  
  161  10:14  Infestor  
  152  10:25  Zergling x30  
  159  10:29  Zerg Melee Weapons Level 3  
  159  10:30  Zerg Ground Armor Level 2  
  159  10:42  Infestor  
  159  10:47  Drone x4  
  159  10:48  Drone  
  166  10:53  Adrenal Glands  
  166  10:54  Zergling x14  
  166  10:56  Extractor  
  172  11:01  Baneling x9, Extractor  
  172  11:02  Baneling x3  
  171  11:06  Overlord  
  171  11:10  Roach x7  
  185  11:15  Hatchery  
  184  11:19  Drone x3  
  184  11:21  Drone x3  
  190  11:31  Ultralisk Cavern  
  187  11:43  Roach x8  
  175  12:01  Zergling x20  
  175  12:02  Zergling x20  
  191  12:11  Overlord  
  191  12:12  Drone  
  170  12:45  Drone  
  170  12:46  Drone x3  
  170  12:48  Zergling x14  
  170  12:49  Zergling x20  
  182  12:57  Spore Crawler, Roach x3  
  184  13:05  Infestor  
  184  13:06  Infestor x6  
  184  13:10  Zerg Ground Armor Level 3  
  177  13:30  Spine Crawler  
  177  13:31  Spore Crawler, Spine Crawler  
  177  13:32  Spine Crawler  
  166  13:37  Spire  
  165  13:48  Chitinous Plating, Ultralisk Cavern  
  165  13:50  Overlord  
  165  13:51  Ultralisk  
  165  13:52  Ultralisk x2  
  182  13:55  Zergling x6  
  182  13:56  Zergling x6  
  187  14:06  Ravager x4  
  187  14:07  Ravager x8  
  185  14:28  Overlord  
  184  14:32  Ultralisk x2  
  184  14:37  Drone x4  
  172  15:22  Ultralisk x4  
  172  15:25  Zergling x14  
  191  15:29  Spore Crawler  
  179  16:00  Zergling x22  
  157  16:20  Zergling x14  
  163  16:31  Ravager  
  163  16:32  Ravager x3  
  102  16:57  Ultralisk  
  102  17:01  Zergling x2  
  60  17:38  Mutalisk x2  
  60  17:39  Mutalisk  
  66  17:45  Mutalisk  
  68  17:56  Mutalisk x2  
  68  17:57  Mutalisk x2  
  71  18:14  Mutalisk x4  
  79  18:20  Mutalisk  
  81  18:37  Mutalisk x2  
  83  18:43  Zergling x2  
  83  18:44  Zergling x4  
  86  19:15  Mutalisk x4  
  86  19:16  Hatchery  
  93  19:22  Mutalisk x2  
  95  19:33  Zergling x8  
  99  19:48  Mutalisk x3  
  103  19:58  Zergling x8  
  98  20:25  Mutalisk x4  
  84  20:48  Drone x2  
  84  20:49  Drone  
  87  20:50  Drone x3  
  87  20:52  Zergling x6  
  87  20:53  Zergling x6  
  96  21:00  Zergling x8  
  94  21:20  Mutalisk  
  94  21:21  Mutalisk  
  94  21:22  Zergling x2  
  94  21:23  Zergling x18  
  88  21:41  Mutalisk  
  84  21:56  Hatchery  
  84  21:58  Hatchery  
  83  22:06  Infestor  
Tags
 
Add a new tag
Caveats
  • Supply blocks, unpowered buildings, or Contaminate may cause inaccurate times.
  • Supply counts are checked every 10 seconds.